Mecha, neutral male human Caveman --------------- ------- |.............| |>...(| -.---+--.----+- --....|--- |..|...|-.| ---..|..---|..|--.-..--- --|-..[..-|--...%....--+- -......--..........%.....| .......-|..--------|--..-- ...{....| |.........|..-- -.......| |=%??`]?)%|...| --....--| -----------...| ..|....| ----- |.......- -...-|.(((| |.------- --..(@@(((| |.|...| ...-|.(((| |.|...| ...| ----- |.--|-| ...|--------.....| ..--......|...{..+ .....----...[....| ------ ---------- Mecha the Wanderer Experience level: 7 Strength: 16 Dexterity: 16 Constitution: 18 Intelligence: 9 Wisdom: 9 Charisma: 7 Health: 0(67) Energy: 35(35) Def: 11 Gold: 0 Moves: 5883 Dungeon seed: hN-LVaAM-D-NJVUx Game ID: Mecha_1477237803 Your Inventory: Amulets B - an uncursed amulet of life saving Weapons a - a +1 club b - a +2 sling K - a -1 spear (weapon in hand) Armor n - an uncursed +0 pair of iron shoes (being worn) r - an uncursed +0 dwarvish iron helm (being worn) y - an uncursed +0 dwarvish cloak (being worn) z - an uncursed +0 dwarvish roundshield (being worn) Y - an uncursed +0 elven mithril-coat (being worn) Comestibles A - 3 uncursed food rations D - an uncursed carrot Potions x - an uncursed potion of object detection H - a blessed potion of object detection R - an uncursed potion of monster detection Rings G - an uncursed ring of teleportation Wands g - a blessed wand of opening (0:6) k - a wand of striking (0:6) M - a wand of digging (0:6) Tools u - an uncursed skeleton key E - 9 uncursed tallow candles (0:200) L - a blessed partly used tallow candle (0:182) O - a cursed tallow candle (0:200) P - an uncursed mirror S - a +0 pick-axe Gems e - 5 uncursed flint stones q - 21 uncursed rocks (in quiver) N - 2 uncursed fluorite stones Spells and supernatural/magical abilities: Name Level Category Fail Memory W - pray for help -- divine ? -- Your skills at the end: Fighting Skills bare handed combat [Basic] Weapon Skills club [Expert] spear [Basic] sling [Basic] Spellcasting Skills Final Attributes: You were piously aligned. You were poison resistant. You were stunned. You were fast. You are dead. Vanquished creatures: 2 leprechauns a lizard a dingo a dwarf lord a gnome mummy a snake 2 apes 2 human zombies a rope golem a bugbear 2 wood nymphs an orc shaman 3 rock piercers a rock mole a fog cloud 2 yellow lights a shrieker 5 gnome lords a gnomish wizard a red naga hatchling a golden naga hatchling an elf zombie 6 giant ants a little dog a floating eye 7 dwarves a kobold lord 2 hill orcs 3 rothes 2 rabid rats a centipede 2 dwarf zombies a werejackal 4 iguanas 4 coyotes 2 gas spores 3 hobbits 12 manes a hobgoblin 2 giant rats 4 cave spiders 25 gnomes a gnome zombie 5 geckos 7 jackals 3 foxes a kobold 4 sewer rats 6 grid bugs 2 bats 3 lichens 2 kobold zombies 11 newts 162 creatures vanquished. Voluntary challenges: You had been an atheist until turn 1896. You used a wielded weapon 275 times, starting on turn 112. You read items or engraved 3 times, starting on turn 1900. You never genocided any monsters. You never polymorphed an object. You never changed form. You used no wishes. You never split a pudding. You never wrote Elbereth's name. You violated your moral code, losing 35 points of alignment, starting on turn 2244. Dungeon overview: The Dungeons of Doom: levels 1 to 5 Level 1 a fountain a long staircase Level 2 a fountain Level 3 a fountain Level 4 (saddle, poison darts and arrows) an altar to Anshar, a fountain stairs to The Gnomish Mines Level 5 many fountains The Gnomish Mines: levels 5 to 9 Level 5 stairs to The Dungeons of Doom Level 6 (bag of tricks) Level 7 Level 8 <- You were here some shops, some fountains Level 9 History has recorded: On T:1 you entered the Dungeons of Doom to retrieve the Amulet of Yendor! On T:667 you reached level 2 of The Dungeons of Doom. On T:1125 you reached level 3 of The Dungeons of Doom. On T:1292 you advanced to experience level 2. On T:1868 you reached level 4 of The Dungeons of Doom. On T:2058 you reached level 1 of The Gnomish Mines. On T:2063 you advanced to experience level 3. On T:2074 you advanced to experience level 4. On T:2320 you advanced to experience level 5. On T:2832 you advanced to experience level 6. On T:3858 you reached level 5 of The Dungeons of Doom. On T:4182 you advanced to experience level 7. On T:5119 you reached level 2 of The Gnomish Mines. On T:5652 you reached level 3 of The Gnomish Mines. On T:5670 you reached level 5 of The Gnomish Mines. On T:5695 you reached level 4 of The Gnomish Mines. Score breakdown: Gold: 0 ( 0 points) Experience: 7 levels (13645 points) Exploration: 9 levels ( 18.37%) (12247 points) Discoveries: 12 items ( 4.01%) ( 6010 points) Valuables value: (no points given unless you survive) Artifact value: 0 ( 0 points) Variety of kills: 53 monsters ( 13.91%) (11189 points) Turncount: 5883 turns (-1594 points) Survival: died (score multiplied by 80%) Total score: 33197 Latest messages: Sparks fly as you whack the wall. Donmyar zaps a wand of striking! The wand misses you. The wand hits the gnome lord! The wand hits it. Donmyar zaps a wand of striking! The wand misses you. The wand hits the gnome lord! The gnome lord is killed! Sparks fly as you whack the wall. Donmyar zaps a wand of striking! The wand hits you! Sparks fly as you whack the wall. Donmyar zaps a wand of striking! The wand misses you. Donmyar hits! (2x) Sparks fly as you whack the wall. Donmyar hits! (2x) You miss Donmyar. Donmyar hits! You die... Donmyar takes all your possessions. Final status: Goodbye Mecha the Caveman, killed by a Mr. Donmyar, the shopkeeper... You died in The Gnomish Mines on dungeon level 8 with 33197 points, and 0 pieces of gold, after 5883 moves. You were level 7 with a maximum of 67 hit points when you died.